AoeStats
← borgff

Four Lakes

510186141Analyzed
1v1 RM · 2d ago on Sep 29, 2026· 63m 46s· 2 players
Game mode
Random Map
Map size
Tiny (2 player)
Population
200
Speed
Normal
Resources
Standard
Victory
Conquest
Starting age
Dark Age
Ending age
Imperial Age
RankedLock teamsTeams togetherTeam positionsShared explorationLock speedFull tech treeHidden civsTurbo modeCheats
Victory
Defeat
🇺🇸 Japanese · United States
1423
+13
🇸🇪 Japanese · Sweden
1366
-13
borgff
11:23 Feudal Age
10:03 Loom
12:20 Feudal Age
13:11 Double-Bit Axe
16:01 Castle Age
15:08 Fishing Lines
16:18 Fletching
17:00 Bodkin Arrow
17:25 Bow Saw
19:10 Wheelbarrow
20:07 Padded Archer Armor
21:19 Ballistics
33:53 Imperial Age
34:01 Guard Tower
36:10 Bracer
39:52 Chemistry
42:45 Keep
42:14 Elite Skirmisher
48:46 Gillnets
50:02 Leather Archer Armor
52:05 Ring Archer Armor
52:28 Murder Holes
52:15 Treadmill Crane
52:33 Murder Holes
55:36 Pikeman
56:17 Squires
56:03 Arson
57:12 Conscription
The Goated Grandpa
9:28 Feudal Age
8:56 Loom
10:08 Double-Bit Axe
12:14 Fishing Lines
14:32 Wheelbarrow
17:26 Castle Age
17:09 Gold Mining
17:12 Fletching
17:22 Padded Archer Armor
18:13 Bodkin Arrow
18:34 Bow Saw
19:09 Gillnets
22:02 Leather Archer Armor
22:21 Ballistics
26:33 Light Cavalry
27:17 Husbandry
29:19 Thumb Ring
29:46 Scale Barding Armor
31:55 Gold Shaft Mining
38:07 Imperial Age
37:51 Hand Cart
38:30 Chain Barding Armor
38:21 Forging
38:41 Bloodlines
38:51 Bracer
38:31 Heavy Cavalry Archer
40:26 Chemistry
39:36 Stone Mining
40:02 Bracer
41:47 Parthian Tactics
41:21 Town Watch
41:05 Capped Ram
41:35 Man-at-Arms
42:01 Gambesons
42:16 Squires
42:02 Arson
43:22 Siege Engineers
44:21 Ring Archer Armor
45:40 Chain Barding Armor
46:53 Kataparuto
46:54 Conscription
47:14 Masonry
47:37 Pikeman
48:19 Scale Mail Armor
48:30 Forging
49:12 Halberdier
51:27 Iron Casting
51:12 Chain Mail Armor
52:51 Plate Mail Armor
Connection lost

Rejoining the realm…

Still unreachable

The connection could not be restored.

Session expired

The server has moved on; the page needs a fresh start.